 Dungeon Sprint DCSS version 0.27-a0-695-gb4952372f7 (webtiles) character file.

Game seed: 1169454432943984542

2379 mhtbhm the Cleaver (level 9, -2/90 HPs)
             Began as a Minotaur Fighter on Mar 22, 2021.
             Was an Initiate of Gozag.
             Slain by a flayed ghost (17 damage)
             ... in the Dungeon (Sprint VII: "The Pits").
             The game lasted 00:02:42 (1204 turns).

mhtbhm the Cleaver (Minotaur Fighter)               Turns: 1204, Time: 00:02:42

Health: -2/90      AC: 13    Str: 28    XL:     9   Next: 22%
Magic:  8/8        EV: 10    Int:  8    God:    Gozag
Gold:   1997       SH: 13    Dex:  9    Spells: 8/8 levels left

rFire    . . .     SeeInvis .   a - +1 broad axe (vorpal)
rCold    . . .     Faith    .   c - +0 kite shield
rNeg     . . .     Spirit   .   b - +4 scale mail
rPois    .         Reflect  .   (helmet restricted)
rElec    .         Harm     .   (no cloak)
rCorr    .         Rampage  .   (no gloves)
Will     .....     NoTele   +   (no boots)
Stlth    +.........             (no amulet)
HPRegen  0.25/turn              n - +3 ring of intelligence
MPRegen  0.11/turn              o - +3 ring of strength

@: flayed, gold aura
A: horns 2, retaliatory headbutt
a: Renounce Religion, Potion Petition, Call Merchant, Bribe Branch


You were in the Dungeon.
You worshipped Gozag.
Gozag was most pleased with you.
You visited 1 branch You collected 2547 gold pieces.
You paid 550 gold pieces to Gozag.

Inventory:

Hand Weapons
 a - a +1 vorpal broad axe (weapon)
Armour
 b - a +4 scale mail (worn)
 c - a +0 kite shield (worn)
Jewellery
 n - a +3 ring of intelligence (right hand)
 o - a +3 ring of strength (left hand)
Scrolls
 j - a scroll of blinking
 l - 5 scrolls of amnesia
 m - a scroll of summoning
Potions
 d - a potion of might
 e - 6 potions of curing
 f - 8 potions of heal wounds
 g - a potion of haste
 h - 4 potions of magic
 i - 3 potions of berserk rage
 k - 2 potions of invisibility
 p - 3 potions of brilliance
 q - a potion of mutation


   Skills:
 + Level 11.8 Fighting
 + Level 13.4 Axes
 + Level 12.3 Armour
 + Level 2.7 Dodging
 + Level 4.8 Stealth
 + Level 11.5 Shields


You had 8 spell levels left.
You didn't know any spells.
Your spell library was empty.

Dungeon Overview and Level Annotations

Branches:
Dungeon (1/1)

Altars:
Ashenzari
Cheibriados
Dithmenos
Elyvilon
Fedhas
Gozag
Hepliaklqana
Kikubaaqudgha
Makhleb
Nemelex Xobeh
Okawaru
Qazlal
Ru
Sif Muna
Trog
Uskayaw
Vehumet
Wu Jian
Xom
Yredelemnul
Zin
The Shining One
Beogh
Jiyva
Lugonu


Innate Abilities, Weirdness & Mutations

You have a pair of horns on your head.
You reflexively headbutt those who attack you in melee.


Message History

The redback bites you. The flayed ghost hits you.
The redback closely misses you. You furiously retaliate!
You headbutt the redback.
Your Axes skill increases to level 13!
Unknown command.
The flayed ghost hits you!
* * * LOW HITPOINT WARNING * * *
You see here 162 gold pieces.
Unknown command.
You miss the flayed ghost. You headbutt the flayed ghost.
The flayed ghost is heavily damaged.
The redback bites you!
* * * LOW HITPOINT WARNING * * *
You are lethally poisoned!
The redback poisons you! You block the flayed ghost's attack.
Unknown command.
You feel better. The redback completely misses you. You furiously retaliate!
You headbutt the redback! The flayed ghost hits you!!
* * * LOW HITPOINT WARNING * * *
You block the redback's attack.
Unknown command.
You feel much better. The redback bites you!
* * * LOW HITPOINT WARNING * * *
You are lethally poisoned!
The redback poisons you! The flayed ghost barely misses you.
Unknown command.
You feel better. The redback closely misses you.
The flayed ghost hits you but does no damage.
You block the redback's attack.
Unknown command.
You hit the redback but do no damage. You headbutt the redback.
You kill the redback!
You slash the flayed ghost! The flayed ghost hits you!
* * * LOW HITPOINT WARNING * * *
Unknown command.
You miss the flayed ghost.
The flayed ghost is severely damaged.
The flayed ghost hits you!
You die...
Your body crumbles into a pile of gold.

##................#
#####'#####''######
##.......##''#
##.......##..#
##.......##..# +#
##...<...##..# #.##
##.......##..# #...##
##.......##..####.....#
##.......##...##@$....#
###########....'.W....+
###########...##......#
....#..[[##..####.....#
....#..[[##..# #...##
....'..))##..# #.##
....#..))##..# +#
....#..))##..#
##############


You could see a flayed ghost.

Vanquished Creatures
  A deep troll (D)
  A hornet (D)
  A flying skull (D)
  A redback (D)
  A basilisk (D)
  A fire elemental (D)
  A steam dragon (D)
  2 floating eyes (D)
  An orc warrior (D)
  A swamp drake (D)
  4 killer bees (D)
  4 wights (D)
  A hound (D)
  2 orc priests (D)
  An orc wizard (D)
  3 worker ants (D)
  A mummy (D)
  A gnoll (D)
  An ooze (D)
  9 orcs (D)
  A bat skeleton (D)
  A giant cockroach (D)
  A goblin (D)
  4 jackals (D)
  A frilled lizard (D)
  A kobold (D)
47 creatures vanquished.

Notes
Turn   | Place    | Note
-------+----------+-------------------------------------------
     0 | D        | mhtbhm the Minotaur Fighter began the quest for the Orb.
     0 | D        | Reached XP level 1. HP: 19/19 MP: 0/0
    18 | D        | Found a bloodstained altar of Trog.
    18 | D        | Found a shimmering blue altar of Sif Muna.
    18 | D        | Found a viscous altar of Jiyva.
    18 | D        | Found a hazy altar of Hepliaklqana.
    18 | D        | Found an opulent altar of Gozag.
    19 | D        | Found a glowing golden altar of the Shining One.
    19 | D        | Found a glowing silver altar of Zin.
    19 | D        | Found a basalt altar of Yredelemnul.
    19 | D        | Found a shimmering altar of Xom.
    19 | D        | Found an ornate altar of the Wu Jian Council.
    19 | D        | Found a sacrificial altar of Ru.
    19 | D        | Found a stormy altar of Qazlal.
    19 | D        | Found an iron altar of Okawaru.
    19 | D        | Found a sparkling altar of Nemelex Xobeh.
    19 | D        | Found a burning altar of Makhleb.
    19 | D        | Found a blossoming altar of Fedhas.
    19 | D        | Found a white marble altar of Elyvilon.
    19 | D        | Found a shadowy altar of Dithmenos.
    19 | D        | Found a snail-covered altar of Cheibriados.
    21 | D        | Found a radiant altar of Vehumet.
    21 | D        | Found a corrupted altar of Lugonu.
    23 | D        | Found an ancient bone altar of Kikubaaqudgha.
    23 | D        | Found a hide-covered altar of Uskayaw.
    23 | D        | Found a broken altar of Ashenzari.
    28 | D        | Became a worshipper of Gozag Ym Sagoz the Greedy
    66 | D        | Noticed a floating eye
    68 | D        | Killed a floating eye
    69 | D        | Reached skill level 4 in Axes
    69 | D        | Reached XP level 2. HP: 31/31 MP: 1/1
    69 | D        | Reached XP level 3. HP: 38/38 MP: 2/2
    69 | D        | Reached XP level 4. HP: 45/45 MP: 3/3
   111 | D        | Reached skill level 5 in Axes
   113 | D        | Reached XP level 5. HP: 38/52 MP: 4/4
   307 | D        | Noticed a flying skull
   331 | D        | Killed a flying skull
   332 | D        | Reached skill level 7 in Axes
   332 | D        | Reached skill level 1 in Dodging
   332 | D        | Reached XP level 6. HP: 52/62 MP: 5/5
   333 | D        | Reached skill level 1 in Stealth
   343 | D        | Noticed an orc warrior
   348 | D        | Killed an orc warrior
   349 | D        | Reached skill level 8 in Axes
   349 | D        | Reached skill level 10 in Armour
   359 | D        | Reached XP level 7. HP: 41/70 MP: 6/6
   523 | D        | Paralysed by a floating eye for 3 turns
   527 | D        | Reached skill level 9 in Axes
   527 | D        | Reached skill level 10 in Shields
   530 | D        | Noticed a hornet
   540 | D        | Killed a hornet
   541 | D        | Reached skill level 10 in Fighting
   541 | D        | Reached skill level 10 in Axes
   624 | D        | Reached XP level 8. HP: 51/80 MP: 7/7
   751 | D        | Noticed a deep troll
   765 | D        | Killed a deep troll
   766 | D        | Reached skill level 11 in Axes
   775 | D        | Reached skill level 12 in Axes
  1188 | D        | Noticed a flayed ghost
  1194 | D        | Reached XP level 9. HP: 63/89 MP: 8/8
  1198 | D        | Reached skill level 13 in Axes
  1200 | D        | HP: 1/90 [flayed ghost (22)]
  1204 | D        | Slain by a flayed ghost

Illustrated notes

Levels and vault maps discovered:
D:        pitsprint [storerooms_1, entrance_room_1, metal_vault_3, armoury_1,
          mini_pit_1, grid_room_1, main_hall_1, silver_pit, the_coven_1,
          the_vestibule_1, steel_vault_5, golden_pit, hallway_of_sentries,
          crystal_vault_5, iron_vault_4, final_vault]

Skill      XL: |  1  2  3  4  5  6  7  8  9 |
---------------+----------------------------+-----
Fighting       | 6 7 8 9 10 11 | 11.8
Axes           | 4 5 7 8 10 12 13 | 13.4
Armour         | 7 9 10 11 12 | 12.3
Shields        | 6 7 9 10 11 | 11.5
Dodging        | 1 2 |  2.7
Stealth        | 1 3 4 |  4.8

Action                   |  1- 3 |  4- 6 |  7- 9 || total
-------------------------+-------+-------+-------++-------
Melee: Hand axe          |     2 |    63 |     3 ||    68
       Headbutt          |     1 |     9 |    10 ||    20
       War axe           |     1 |       |    49 ||    50
       Broad axe         |       |       |    25 ||    25
Invok: Potion Petition   |       |     1 |       ||     1
  Use: Potion            |       |     1 |     5 ||     6
 Stab: Invisible         |       |     3 |       ||     3
       Distracted        |       |       |     2 ||     2
       Confused          |       |       |     2 ||     2
Armor: Scale mail        |       |     8 |     9 ||    17
       Plate armour      |       |    13 |    18 ||    31
Dodge: Dodged            |     2 |    17 |    25 ||    44
Block: Kite shield       |       |    27 |    42 ||    69

Table legend: (Time is in decaauts)
 A = Elapsed time spent in this place.
 B = Non-inter-level travel time spent in this place.
 C = Inter-level travel time spent in this place.
 D = Time resting spent in this place.
 E = Time spent auto-exploring this place.
 F = Levels seen in this place.
 G = Mean time per level.
                   A        B        C        D        E       F      G
               +--------+--------+--------+--------+--------+-----+--------+
         Total |   1217 |   1217 |      0 |    423 |    313 |   1 | 1217.0 |
       Dungeon |   1217 |   1217 |      0 |    423 |    313 |   1 | 1217.0 |
               +--------+--------+--------+--------+--------+-----+--------+

Top non-repeatable levels by time:
       D: 1217 daAuts
